 Dungeon Crawl Stone Soup version 0.21.1-1-g345015f (webtiles) character file.

0 tidbits the Charmwright (level 1, 18/20 HPs)
             Began as a Gnoll Skald on June 22, 2018.
             Quit the game on level 1 of the Dungeon.
             The game lasted 00:00:40 (150 turns).

tidbits the Charmwright (Gnoll Skald)                Turns: 150, Time: 00:00:40

Health: 18/20      AC:  3    Str: 13    XL:     1   Next: 10%
Magic:  6/6        EV: 14    Int: 15    God:
Gold:   27         SH:  0    Dex: 14    Spells: 8/9 levels left

rFire    . . .     SeeInvis +   a - +0 hand axe
rCold    . . .     Gourm    .   (no shield)
rNeg     . . .     Faith    .   b - +0 leather armour
rPois    .         Spirit   .   (no helmet)
rElec    .         Reflect  .   (no cloak)
rCorr    .         Harm     .   (no gloves)
MR       .....                  (no boots)
Stlth    +.........             (no amulet)
HPRegen  0.06/turn              e - ring of see invisible
MPRegen  0.10/turn              (no ring)

@: no status effects
A: distributed training, fangs 1, strong nose
a: no special abilities


You were on level 1 of the Dungeon.
You were not hungry.

You visited 1 branch of the dungeon, and saw 1 of its levels.

You collected 27 gold pieces.

Inventory:

Hand Weapons
 a - a +0 hand axe (weapon)
Armour
 b - a +0 leather armour (worn)
 f - a +0 pair of gloves
Jewellery
 e - a ring of see invisible (left hand)
   (You found it on level 1 of the Dungeon)
Potions
 g - a potion of flight {unknown}
Books
 c - a book of Battle

   Spells                             Type                      Level
   a - Infusion                       Charms                       1
   b - Shroud of Golubria             Charms/Translocation         2
   c - Song of Slaying                Charms                       2
   d - Spectral Weapon                Hexes/Charms                 3
   e - Regeneration                   Charms/Necromancy            3
Comestibles
 d - 2 rations


   Skills:
 + Level 4.4 Fighting
 + Level 0.0 Short Blades
 + Level 0.0 Long Blades
 + Level 4.4 Axes
 + Level 0.0 Maces & Flails
 + Level 0.0 Polearms
 + Level 0.0 Staves
 + Level 0.0 Slings
 + Level 0.0 Bows
 + Level 0.0 Crossbows
 + Level 0.0 Throwing
 + Level 2.3 Armour
 + Level 4.4 Dodging
 + Level 0.0 Stealth
 + Level 0.0 Shields
 + Level 0.0 Unarmed Combat
 + Level 4.8 Spellcasting
 + Level 0.0 Conjurations
 + Level 0.0 Hexes
 + Level 5.3 Charms
 + Level 0.0 Summonings
 + Level 0.0 Necromancy
 + Level 0.0 Translocations
 + Level 0.0 Transmutations
 + Level 0.0 Fire Magic
 + Level 0.0 Ice Magic
 + Level 0.0 Air Magic
 + Level 0.0 Earth Magic
 + Level 0.0 Poison Magic
 + Level 0.0 Invocations
 + Level 0.0 Evocations


You had 8 spell levels left.
You knew the following spells:

 Your Spells              Type           Power        Failure   Level  Hunger
i - Infusion              Chrm           ###.         2%          1    None


Dungeon Overview and Level Annotations

Branches:
Dungeon (1/15)

Altars:


Innate Abilities, Weirdness & Mutations

Your experience applies equally to all skills.
You have very sharp teeth.
Your uncanny sense of smell can sniff out nearby items.


Message History

Welcome, tidbits the Gnoll Skald.
Will you be the one to retrieve the fabulous Orb of Zot from the depths?
Press ? for a list of commands and other information.
Found 6 gold pieces.
Found a staircase leading out of the dungeon.
You open the door.
There is an open door here.
Found 8 gold pieces.
You see here 8 gold pieces.
You now have 8 gold pieces.
Found an emerald ring.
You see here an emerald ring.
e - an emerald ring Put on which piece of jewellery? (? for menu, Esc to quit)
e - a ring of see invisible (left hand)
Found 19 gold pieces.
Found a leather armour.
You see here 19 gold pieces.
You now have 27 gold pieces (gained 19).
A goblin comes into view.
The goblin shouts!
Found a pair of gloves.
You see here a pair of gloves.
f - a pair of gloves
Found a yellow potion.
A kobold comes into view. It is wielding a short sword.
The kobold shouts!
Found 6 gold pieces.
Casting: Infusion
Confirm with . or Enter, or press ? or * to list all spells.
You begin infusing your attacks with magical energy.
The kobold throws a stone.
The stone misses you.
The kobold throws a stone.
The stone barely misses you. The kobold hits you with a short sword.
You barely miss the kobold. The kobold closely misses you.
You closely miss the kobold. The kobold misses you.
You hit the kobold!
You kill the kobold!
Things that are here:
a short sword; 3 stones; 6 gold pieces Your magical infusion is running out.
Magic restored.
Found a ration.
You are no longer magically infusing your attacks.
Found an inky potion.
You see here a ration.
d - 2 rations (gained 1) Unknown command.
You see here an inky potion.
g - an inky potion Are you sure you want to abandon this character and quit the game? (Confirm with "yes".)

# .# # # .# ###.#
#####. #...# #.....
...# #.###### ##.#
.#....## ## # #.....#
.# #.....# .# .##
#@....# .# ..###
##.#..# .#......#.#
#...##
.#......#.#########.#
.#..................#
.#......!#######.####
.#......# #.#
.#...... #.#
.######### #.#


There were no monsters in sight!

Vanquished Creatures
  A kobold (D:1)
1 creature vanquished.

Notes
Turn   | Place    | Note
-------+----------+-------------------------------------------
     0 | D:1      | tidbits the Gnoll Skald began the quest for the Orb.
     0 | D:1      | Reached XP level 1. HP: 20/20 MP: 6/6
   150 | D:1      | Quit the game

Action                   || total
-------------------------++-------
Melee: Hand axe          ||     3
 Cast: Infusion          ||     1
Dodge: Dodged            ||     4

Table legend:
 A = Turns spent in this place as a percentage of turns spent in the entire game.
 B = Non-inter-level travel turns spent in this place as a percentage of non-inter-level travel turns spent in the entire game.
 C = Inter-level travel turns spent in this place as a percentage of turns spent in this place.
 D = Turns resting spent in this place as a percentage of non-inter-level travel turns spent in this place.
 E = Turns spent auto-exploring this place as a percentage of non-inter-level travel turns spent in this place.
 F = Non-inter-level travel turns spent in this place divided by the number of levels of this place that you've seen.
                   A       B       C       D       E      F
               +-------+-------+-------+-------+-------+----------------------
         Total | 100.0 | 100.0 |   0.0 |   0.0 |   0.0 | 150.0
       Dungeon | 100.0 | 100.0 |   0.0 |   0.0 |   0.0 | 150.0
               +-------+-------+-------+-------+-------+----------------------

Table legend:
 A = Kills in this place as a percentage of kills in entire the game.
 B = Kills by you in this place as a percentage of kills by you in the entire game.
 C = Kills by friends in this place as a percentage of kills by friends in the entire game.
 D = Other kills in this place as a percentage of other kills in the entire game.
 E = Experience gained in this place as a percentage of experience gained in the entire game.
 F = Experience gained in this place divided by the number of levels of this place that you have seen.
                   A       B       C       D       E      F
               +-------+-------+-------+-------+-------+----------------------
         Total | 100.0 | 100.0 |   N/A |   N/A | 100.0 |   1.0
       Dungeon | 100.0 | 100.0 |   N/A |   N/A | 100.0 |   1.0
               +-------+-------+-------+-------+-------+----------------------

Vault maps used:
D:1:      scummos_arrival_simple_fountains, serial_co_window_serial,
          co_window_paths_a, co_window_corner_a, co_window_paths_a,
          co_window_corner_a, co_window_paths_a, co_window_corner_b,
          co_window_corner_b, co_window_paths_c, co_window_unsneaky_path_b,
          co_window_broadway_a, co_window_corner_cb, co_window_cross_2
